 Seeded DCSS version 0.28-a0-1567-g1695149f81 (webtiles) character file.

Game seed: 3790 (custom seed)

147 knot the Chopper (level 5, 59/61 HPs)
             Began as a Demonspawn Berserker on Jan 20, 2022.
             Was a Believer of Trog.
             Quit the game on level 3 of the Dungeon.
             The game lasted 00:02:21 (3354 turns).

knot the Chopper (Demonspawn Berserker)             Turns: 3354, Time: 00:02:21

Health: 59/61      AC:  7    Str: 18    XL:     5   Next: 8%
Magic:  5/5        EV: 12    Int: 10    God:    Trog [**....]
Gold:   98         SH:  0    Dex: 12    Spells: 4/4 levels left

rFire   . . .      SeeInvis .   l - +1 hand axe (vorpal)
rCold   . . .      Faith    .   (no shield)
rNeg    . . .      Spirit   .   b - +0 animal skin
rPois   .          Reflect  .   p - +0 helmet
rElec   .          Harm     .   (no cloak)
rCorr   .          Rampage  .   (no gloves)
Will    .....                   (no boots)
Stlth   ..........              (no amulet)
HPRegen 0.20/turn               j - +4 ring of protection
MPRegen 0.18/turn               (no ring)

@: berserking, very quick
A: ignite blood 1, magic regeneration
a: Renounce Religion, Berserk, Trog's Hand


You were on level 3 of the Dungeon.
You worshipped Trog.
Trog was pleased with you.
You visited 1 branch of the dungeon, and saw 3 of its levels.

You collected 98 gold pieces.

Inventory:

Hand Weapons
 a - a +0 hand axe
 l - a +1 vorpal hand axe (weapon)
Missiles
 e - 3 stones (quivered)
 f - 6 poisoned darts
Armour
 b - a +0 animal skin (worn)
 p - a +0 helmet (worn)
Jewellery
 g - an amulet of faith
 j - a +4 ring of protection (left hand)
Scrolls
 c - 2 scrolls of identify {unknown}
 h - 2 scrolls of teleportation {unknown}
 n - a scroll of brand weapon {unknown}
 o - a scroll of holy word {unknown}
Potions
 d - a potion of curing {unknown}
 i - a potion of ambrosia {unknown}
 k - a potion of attraction {unknown}
 m - a potion of brilliance {unknown}


   Skills:
 - Level 3.0 Fighting
 + Level 5.3 Axes
 - Level 1.7 Armour
 - Level 1.7 Dodging


You had 4 spell levels left.
You didn't know any spells.
Your spell library contained the following spells:

 Spells                   Type           Power      Damage    Failure   Level
 Animate Skeleton         Necr           0%         N/A       36%         1
 Pain                     Necr           0%         1d4       36%         1
 Ozocubu's Armour         Ice            0%         N/A       75%         3
 Vampiric Draining        Necr           0%         2d6       75%         3
 Metabolic Englaciation   Hex/Ice        0%         N/A       100%        5
 Simulacrum               Ice/Necr       0%         N/A       100%        6


Dungeon Overview and Level Annotations

Branches:
Dungeon (3/15)

Altars:


Innate Abilities, Weirdness & Mutations

Your demonic aura sometimes causes spilled blood to erupt in flames.
You regenerate magic rapidly.


Message History

You finish putting on your +0 helmet.
You now have 98 gold pieces (gained 15).
Found an escape hatch in the ceiling.
Found a stone staircase leading down.
A frilled lizard comes into view.
You miss the frilled lizard. The frilled lizard closely misses you.
You hit the frilled lizard.
You kill the frilled lizard!
Trog accepts your kill.
No target in view!
No target in view!
Found an escape hatch in the floor.
No target in view!
There is an escape hatch in the ceiling here.
A kobold comes into view. It is wielding a +0 dagger.
Found 9 gold pieces.
Found 8 gold pieces.
The kobold shouts!
Natasha, Servant of Life and Death comes into view.
Natasha casts a spell.
The kobold hits you but does no damage.
You miss the kobold. The kobold hits you but does no damage.
You slash the kobold!
You kill the kobold!
Trog accepts your kill.
Natasha casts a spell.
The white imp gestures at you. The puff of frost hits you.
A red film seems to cover your vision as you go berserk!
You feel yourself moving faster!
You feel mighty!
You slash Natasha!
You kill Natasha!
Trog accepts your kill.
Trog appreciates your killing of a magic user.
Natasha screams in pain as she dies!
The white imp disappears in a puff of smoke! x2
You have reached level 5!
Your demonic ancestry asserts itself...
Your blood heats up.
Are you sure you want to abandon this character and quit the game? (Confirm with "yes".)

### ## #.. .. #.#
#.####### ###
#.###.......
#...##.#........
#...........#.#
#..$##.#.##...##..
##.###.#..§..§....
###.#..<.>@...###...
#.....#.#..#....$...
#.###.#.#..#.).###.. #.
#......#...#
#.###............ ...
#.....###.#.>..........
#.#.#.# #..............
#.#.#.# ###....####.#.#
#.#.#.# #...#####>#.#


There were no monsters in sight!

Vanquished Creatures
  Natasha (D:3)
  3 gnolls (D:2)
  4 adders (D:2)
  7 endoplasms
  2 giant cockroaches
  4 goblins
  4 hobgoblins
  4 jackals (D:2)
  2 quokkas
  7 ball pythons
  5 bats
  5 frilled lizards
  4 kobolds
  8 rats
60 creatures vanquished.

Notes
Turn   | Place    | Note
-------+----------+-------------------------------------------
     0 | D:1      | knot the Demonspawn Berserker began the quest for the Orb.
     0 | D:1      | Reached XP level 1. HP: 18/18 MP: 1/1
   373 | D:1      | Reached skill level 3 in Axes
   728 | D:1      | Gained mutation: You regenerate magic rapidly. [demonic
                  | ancestry]
   728 | D:1      | Reached XP level 2. HP: 24/24 MP: 2/2
  1533 | D:2      | Reached XP level 3. HP: 23/29 MP: 3/3
  1713 | D:2      | Reached skill level 4 in Axes
  1849 | D:2      | Found a faded altar of an unknown god.
  2116 | D:2      | Reached ** piety under Trog
  2459 | D:2      | Reached XP level 4. HP: 31/35 MP: 4/4
  3170 | D:2      | Reached skill level 5 in Axes
  3345 | D:3      | Noticed Natasha
  3353 | D:3      | Killed Natasha
  3354 | D:3      | Gained mutation: Your demonic aura sometimes causes spilled
                  | blood to erupt in flames. [demonic ancestry]
  3354 | D:3      | Reached XP level 5. HP: 41/41 MP: 5/5
  3354 | D:3      | Quit the game

Illustrated notes

Levels and vault maps discovered:
D:1:      sevenhm_arrival_forest_fort_small_6, layout_loops_ring
D:2:      layout_loops_corners, hellmonk_ecumenical_altar_lost_god,
          minmay_randomly_rotated_circles
D:3:      layout_loops_ring, uniq_natasha

Skill      XL: |  1  2  3  4 |
---------------+-------------+-----
Axes           | 3 4 5 |  5.3
Fighting       | |  3.0
Armour         | |  1.7
Dodging        | |  1.7

Action                   |  1- 3 |  4- 6 || total
-------------------------+-------+-------++-------
Melee: Hand axe          |   125 |    47 ||   172
       Punch             |     1 |       ||     1
Throw: Throwing net      |       |     2 ||     2
Invok: Berserk           |     2 |     2 ||     4
 Stab: Sleeping          |     1 |       ||     1
       Held in net/web   |       |     1 ||     1
Armor: Animal skin       |    28 |    13 ||    41
Dodge: Dodged            |    84 |    21 ||   105

Table legend: (Time is in decaauts)
 A = Elapsed time spent in this place.
 B = Non-inter-level travel time spent in this place.
 C = Inter-level travel time spent in this place.
 D = Time resting spent in this place.
 E = Time spent auto-exploring this place.
 F = Levels seen in this place.
 G = Mean time per level.
                   A        B        C        D        E       F      G
               +--------+--------+--------+--------+--------+-----+--------+
         Total |   3395 |   3271 |    124 |    648 |   2229 |   3 | 1131.7 |
       Dungeon |   3395 |   3271 |    124 |    648 |   2229 |   3 | 1131.7 |
               +--------+--------+--------+--------+--------+-----+--------+

Top non-repeatable levels by time:
     D:2: 1850 daAuts
     D:1: 1445 daAuts
     D:3: 99 daAuts
